 Dungeon Crawl Stone Soup version 0.26.1-11-gd32895ea62 (webtiles) character file.

Game seed: 18013847024630595010

3826 manyhoops the Grappler (level 9, -6/74 HPs)
             Began as a Palentonga Transmuter on Apr 20, 2021.
             Was a Believer of Uskayaw.
             Mangled by Harold
             ... wielding a +0 mace
              (13 damage)
             ... on level 8 of the Dungeon.
             The game lasted 00:09:50 (7511 turns).

manyhoops the Grappler (Palentonga Transmuter)      Turns: 7511, Time: 00:09:51

Health: -6/74      AC:  2    Str: 18    XL:     9   Next: 97%
Magic:  0/13       EV: 25    Int: 15    God:    Uskayaw [**....]
Gold:   1407       SH:  0    Dex: 21    Spells: 8/14 levels left

rFire    . . .     SeeInvis +     - Unarmed
rCold    . . .     Faith    .   (shield currently unavailable)
rNeg     . . .     Spirit   .   (armour currently unavailable)
rPois    .         Reflect  .   (helmet currently unavailable)
rElec    .         Harm     .   (cloak currently unavailable)
rCorr    .         Rampage  .   (gloves currently unavailable)
Will     +....                  (no barding)
Stlth    ++........             g - amulet of regeneration
HPRegen  0.62/turn              t - +6 ring of dexterity
MPRegen  0.13/turn              o - ring of poison resistance

@: spider-form (expiring), marked, very slightly contaminated
A: tiny, rugged brown scales 3, see invisible, clever 1, strong-willed 1
a: End Transformation, Renounce Religion, Stomp, Line Pass


You were on level 8 of the Dungeon.
You worshipped Uskayaw.
Uskayaw was noncommittal.
You were a venomous arachnid creature.
You visited 2 branches of the dungeon, and saw 9 of its levels.

You collected 1407 gold pieces.

Inventory:

Armour
 a - a +0 robe (melded)
Jewellery
 g - an amulet of regeneration (around neck)
 h - an uncursed ring of willpower
 o - a ring of poison resistance (right front leg)
 q - an uncursed ring of resist corrosion
 t - a +6 ring of dexterity (left front leg)
 x - an uncursed ring of positive energy
 C - a cursed ring of teleportation
Wands
 e - a wand of acid (11)
 p - a wand of iceblast (10)
 w - a wand of random effects (16)
Scrolls
 b - a scroll of enchant armour
 f - 5 scrolls of fear
 j - a scroll of fog
 r - 4 scrolls of remove curse
 s - a scroll of immolation
 v - 2 scrolls of teleportation
 y - a scroll of blinking {unknown}
 z - a scroll of enchant weapon {unknown}
 B - 2 scrolls of noise {unknown}
Potions
 c - a potion of brilliance
 d - a potion of might
 i - a potion of attraction {unknown}
 k - a potion of resistance
 l - a potion of berserk rage {unknown}
 m - a potion of curing
 n - a potion of mutation
 u - a potion of heal wounds {unknown}
 A - a potion of flight {unknown}
 D - a potion of haste {unknown}


   Skills:
 - Level 3.4 Fighting
 + Level 5.7 Dodging
 - Level 0.2 Stealth
 - Level 10.8 Unarmed Combat
 - Level 3.0 Spellcasting
 - Level 5.1 Transmutations
 - Level 3.3 Invocations


You had 8 spell levels left.
You knew the following spells:

 Your Spells              Type           Power        Failure   Level
a - Beastly Appendage     Tmut           34%          10%         1
b - Wereblood             Tmut           17%          12%         2
c - Spider Form           Tmut/Pois      4%           43%         3

Your spell library contained the following spells:

 Spells                   Type           Power        Failure   Level
 Ice Form                 Ice/Tmut       9%           77%         4
 Blade Hands              Tmut           8%           77%         5


Dungeon Overview and Level Annotations

Branches:
Dungeon (8/15)             Temple (1/1) D:6
   Lair: D:8-11

Altars:
Cheibriados
Dithmenos
Fedhas
Gozag
Kikubaaqudgha
Nemelex Xobeh
Okawaru
Qazlal
Uskayaw
Vehumet
Xom
Zin
The Shining One

Shops:
D:7 (

Annotations:
D:7 2 runed translucent doors, raph's ghost, novice TeWz
D:8 Harold


Innate Abilities, Weirdness & Mutations

(You are completely covered in rugged brown scales. (AC +3, +7% HP))
You have supernaturally acute eyesight. (SInv)
((Armour fits poorly on your strangely shaped body.))
((You can roll at nearby foes to attack.))
((You have a long armoured tail.))
((You curl defensively after being hit.))
((You have a pair of small horns on your head.))
Your mind is acute. (Int +2)
You are strong-willed. (Will+)


Message History

Harold hits you with a +0 mace!
* * * LOW HITPOINT WARNING * * *
You hit Harold.
Harold is severely wounded.
You hit Harold.
Harold looks as sick as possible!
Harold is severely wounded.
Your transformation is almost over.
Harold hits you with a +0 mace!
* * * LOW HITPOINT WARNING * * *
Uskayaw will force your foes to helplessly watch your dance.
Uskayaw prepares the audience for your solo!
Harold is no longer paralysed.
Aiming: Line Pass
Press: ? - help, Dir - move target Harold appears confused.
You catch the helpless Harold completely off-guard!
You hit Harold.
Harold is almost dead.
Harold hits you with a +0 mace!
You die...

### # ##.. . ....#.#
#...#.# ..$... #.#.#
#.###...# #+##
#...@s..# ##...##
#####.### ##.....##
#..## ##.......##
##...####.........#
#.......'..†......+
###...####.........#
#.....# ##.......##
#.###.# ##.....##
#.# #.# ##...##


You could see Harold (confused, extremely poisoned).

Vanquished Creatures
  Pikel (D:6)
  Grinder (D:3)
  A human (D:7)
  Eustachio (D:6)
  4 hogs
  Menkaure (D:5)
  An orc warrior (D:7)
  A black bear (D:4)
  3 sky beasts
  A phantom (D:7)
  A centaur (D:5)
  2 ogres (D:5)
  A bullfrog (D:8)
  2 scorpions
  An oklob sapling (D:6)
  10 wights
  2 howler monkeys
  A centaur zombie (D:8)
  2 orc priests
  2 hounds (D:5)
  A centaur skeleton (D:7)
  5 orc wizards
  Jessica (D:2)
  Ijyb (D:3)
  An iguana (D:4)
  3 worker ants
  8 adders
  A gnoll (D:1)
  A shadow imp (D:8)
  2 white imps
  An ufetubus (D:5)
  3 oozes
  4 worms
  2 dart slugs
  5 leopard geckos
  10 orcs
  A giant cockroach (D:2)
  8 goblins
  11 hobgoblins
  7 jackals
  A quokka (D:5)
  4 ball pythons
  11 bats
  5 frilled lizards
  17 kobolds
  A leopard gecko skeleton (D:4)
  A quokka skeleton (D:6)
  6 rats
161 creatures vanquished.

Vanquished Creatures (others)
  3 plants (D:6)
3 creatures vanquished.

Grand Total: 164 creatures vanquished

Notes
Turn   | Place    | Note
-------+----------+-------------------------------------------
     0 | D:1      | manyhoops the Palentonga Transmuter began the quest for the
                  | Orb.
     0 | D:1      | Reached XP level 1. HP: 17/17 MP: 3/3
   163 | D:1      | Reached XP level 2. HP: 22/24 MP: 5/5
   491 | D:1      | Reached XP level 3. HP: 29/29 MP: 4/6
  1235 | D:2      | Learned a level 2 spell: Wereblood
  1239 | D:2      | Learned a level 3 spell: Spider Form
  1275 | D:2      | Noticed Jessica
  1283 | D:2      | Killed Jessica
  1284 | D:2      | Reached skill level 4 in Unarmed Combat
  1284 | D:2      | Reached XP level 4. HP: 32/37 MP: 5/8
  1503 | D:2      | Gained mutation: You evolve. [potion of mutation]
  1503 | D:2      | Gained mutation: You have a pair of large horns on your
                  | head. [potion of mutation]
  1517 | D:2      | Lost mutation: You evolve. [potion of mutation]
  1517 | D:2      | Lost mutation: You have a pair of small horns on your head.
                  | [potion of mutation]
  1517 | D:2      | Gained mutation: You are weak. (Str -2) [potion of
                  | mutation]
  1517 | D:2      | Lost mutation: You are weak. (Str -2) [potion of mutation]
  1517 | D:2      | Gained mutation: You have large cloven feet. [potion of
                  | mutation]
  1587 | D:2      | Found a sparkling altar of Nemelex Xobeh.
  1656 | D:2      | Lost mutation: You have large cloven feet. [potion of
                  | mutation]
  1656 | D:2      | Gained mutation: Your mind is acute. (Int +2) [potion of
                  | mutation]
  1656 | D:2      | Gained mutation: You have a pair of small horns on your
                  | head. [potion of mutation]
  1656 | D:2      | Gained mutation: You are strong-willed. (Will+) [potion of
                  | mutation]
  2084 | D:3      | Reached XP level 5. HP: 42/42 MP: 7/9
  2231 | D:3      | Noticed Grinder
  2253 | D:3      | Killed Grinder
  2254 | D:3      | Reached skill level 5 in Transmutations
  2254 | D:3      | Reached XP level 6. HP: 45/50 MP: 10/10
  2346 | D:3      | Noticed Ijyb
  2356 | D:3      | Killed Ijyb
  2382 | D:3      | Found a radiant altar of Vehumet.
  2941 | D:3      | Noticed a sky beast
  2946 | D:3      | Killed a sky beast
  2947 | D:3      | Reached skill level 5 in Unarmed Combat
  2947 | D:3      | Gained mutation: You curl defensively after being hit.
                  | [Palentonga growth]
  2947 | D:3      | Reached XP level 7. HP: 45/55 MP: 9/11
  3387 | D:4      | Reached skill level 6 in Unarmed Combat
  3502 | D:4      | Found an iron altar of Okawaru.
  3813 | D:4      | Reached skill level 7 in Unarmed Combat
  3930 | D:5      | Entered Level 5 of the Dungeon
  3958 | D:5      | Found an opulent altar of Gozag.
  4150 | D:5      | Reached XP level 8. HP: 61/65 MP: 9/12
  4248 | D:5      | Reached skill level 8 in Unarmed Combat
  4281 | D:5      | Found Zisicyl's Jewellery Shoppe.
  4492 | D:5      | Noticed Menkaure
  4495 | D:5      | Killed Menkaure
  4713 | D:5      | Reached skill level 9 in Unarmed Combat
  4829 | D:5      | Identified a scroll of acquirement
  5121 | D:6      | Found a glowing silver altar of Zin.
  5121 | D:6      | Found a shimmering altar of Xom.
  5121 | D:6      | Found an ancient bone altar of Kikubaaqudgha.
  5121 | D:6      | Found a snail-covered altar of Cheibriados.
  5129 | D:6      | Found a blossoming altar of Fedhas.
  5134 | D:6      | Found a shadowy altar of Dithmenos.
  5205 | D:6      | Found a staircase to the Ecumenical Temple.
  5389 | D:6      | Noticed Pikel
  5403 | D:6      | Killed Pikel
  5403 | D:6      | Noticed Eustachio
  5404 | D:6      | Reached skill level 10 in Unarmed Combat
  5404 | D:6      | Reached XP level 9. HP: 36/74 MP: 10/13
  5418 | D:6      | Killed Eustachio
  5433 | D:6      | Acquired 964 gold pieces
  5747 | Temple   | Entered the Ecumenical Temple
  5813 | Temple   | Became a worshipper of Uskayaw the Reveller
  5892 | D:7      | Reached * piety under Uskayaw
  5897 | D:7      | Reached ** piety under Uskayaw
  6040 | D:7      | Found a shimmering altar of Xom.
  6177 | D:7      | Reached *** piety under Uskayaw
  6182 | D:7      | Reached **** piety under Uskayaw
  6325 | D:7      | Found a large runed translucent door.
  6325 | D:7      | Found a large runed translucent door.
  6328 | D:7      | Noticed raph's ghost (novice TeWz)
  6793 | D:7      | Reached skill level 5 in Dodging
  6799 | D:7      | Reached ***** piety under Uskayaw
  6817 | D:7      | Found Ciryc's Antique Weapon Shoppe.
  7486 | D:8      | Noticed Harold
  7511 | D:8      | Mangled by Harold

Illustrated notes

Levels and vault maps discovered:
D:1:      dpeg_arrival_water_fire, layout_basic
D:2:      layout_loops_ring, overflow_temple_1_default, minmay_between,
          uniq_jessica
D:3:      minmay_chambers_of_threes, layout_loops_corners, lemuel_doored_altar,
          uniq_grinder, uniq_ijyb
D:4:      layout_basic, okawaru_ov_weapons_minmay
D:5:      minmay_diamond_boxcup, layout_loops_ring,
          nicolae_gozag_cash_rules_everything_around_me, serial_shops, shop,
          grunt_ministairs_8, minivault_24, uniq_menkaure
D:6:      layout_rooms, minmay_overflow_temple_hex, minmay_temple_entry_oklob,
          minmay_misc_feat_encased, uniq_pikel, uniq_eustachio
D:7:      layout_loops_corners, serial_shops, shop, basic_altar,
          ebering_ghost_disaster_area, grunt_livestock, chequers_garden
D:8:      layout_loops_corners, basic_altar, uniq_harold
Temple:   minmay_temple_forest_path

Skill      XL: |  1  2  3  4  5  6  7  8  9 |
---------------+----------------------------+-----
Dodging        | 2 5 |  5.7
Unarmed Combat | 4 5 7 10 | 10.8
Spellcasting   | 3 |  3.0
Transmutations | 5 |  5.1
Fighting       | 2 3 |  3.4
Invocations    | 3 |  3.3
Stealth        | |  0.2

Action                   |  1- 3 |  4- 6 |  7- 9 || total
-------------------------+-------+-------+-------++-------
Melee: Unarmed           |   109 |   144 |   281 ||   534
       Kick              |    18 |    17 |    52 ||    87
       Tailslap          |     5 |    11 |    31 ||    47
       Headbutt          |     5 |    23 |    42 ||    70
       Punch             |     2 |     2 |     7 ||    11
 Cast: Beastly Appendage |    22 |    20 |    35 ||    77
       Wereblood         |       |       |     5 ||     5
       Spider Form       |       |       |     4 ||     4
Invok: Line Pass         |       |       |     1 ||     1
 Abil: Rolling Charge    |     3 |     2 |    15 ||    20
  Use: Potion            |       |     3 |     3 ||     6
       Scroll            |       |       |    12 ||    12
 Stab: Sleeping          |       |     1 |     1 ||     2
       Distracted        |       |     1 |       ||     1
       Paralysed         |       |       |     7 ||     7
       Confused          |       |       |     1 ||     1
Armor: Robe              |    31 |    40 |    36 ||   107
       Skin              |       |       |     2 ||     2
Dodge: Dodged            |    59 |    56 |   131 ||   246
